 Dungeon Crawl Stone Soup version 0.17.0-7-gfadd4cc (webtiles) character file.

775 Arkorax the Skirmisher (level 7, -1/72 HPs)
             Began as a Naga Monk on Nov 8, 2015.
             Was a Believer of Cheibriados.
             Slain by a gnoll
             ... wielding a +0 halberd
              (8 damage)
             ... on level 4 of the Dungeon.
             The game lasted 00:10:39 (4263 turns).

Arkorax the Skirmisher (Naga Monk)                  Turns: 4263, Time: 00:10:39

Health: -1/72      AC:  7    Str: 20    XL:     7   Next: 84%
Magic:  7/7        EV:  2    Int: 14    God:    Cheibriados [**....]
Gold:   179        SH:  0    Dex: 17    Spells: 0 memorised, 6 levels left

rFire  x . .     SeeInvis +       - Unarmed
rCold  + + .     Clarity  .     m - +0 ice dragon armour
rNeg   . . .     SustAt   .     (no shield)
rPois  +         Gourm    .     (no helmet)
rElec  .         Spirit   .     (no cloak)
rCorr  .         Warding  .     (no gloves)
rMut   .         Stasis   .     (no barding)
MR     +....                    (no amulet)
Stlth  +.........               s - ring of protection from magic
                                i - -6 ring of evasion (curse)

@: very slow, somewhat resistant to hostile enchantments, very unstealthy
A: see invisible, deformed body, poison resistance, slowness 2, slow metabolism
1, spit poison 2, AC +2
a: Spit Poison, Bend Time, Renounce Religion


You were on level 4 of the Dungeon.
You worshipped Cheibriados.
Cheibriados was pleased with you.
You were not hungry.

You visited 1 branch of the dungeon, and saw 4 of its levels.

You collected 179 gold pieces.

Inventory:

Missiles
 f - 106 stones (quivered)
Armour
 a - a +0 robe
 m - a +0 ice dragon armour (worn)
 r - a +3 chain mail of cold resistance
Jewellery
 i - a cursed -6 ring of evasion (left hand)
 s - a ring of protection from magic (right hand)
Scrolls
 e - a scroll of recharging {unknown}
 g - a scroll of fear
 h - 9 scrolls of identify
 j - 4 scrolls of teleportation
 q - a scroll of enchant armour {unknown}
 t - a scroll of amnesia
 w - a scroll of noise {unknown}
Potions
 d - a potion of agility {unknown}
 n - a potion of experience {unknown}
 o - a potion of flight {unknown}
 p - a potion of haste {unknown}
 u - a potion of degeneration {unknown}
Comestibles
 b - 3 bread rations
 k - 3 fruits
 l - 2 meat rations
 v - a royal jelly


   Skills:
 * Level 7.0 Fighting
 - Level 1.5 Armour
 - Level 2.4 Dodging
 - Level 3.0 Stealth
 + Level 6.4 Unarmed Combat


You had 6 spell levels left.
You didn't know any spells.

Dungeon Overview and Level Annotations

Branches:
Dungeon (4/15)
 Temple: D:4-7

Altars:
Cheibriados
Elyvilon
Okawaru
Ru
Yredelemnul
Zin
The Shining One


Innate Abilities, Weirdness & Mutations

You cannot wear boots.
Your serpentine skin is tough (AC +2).
You have supernaturally acute eyesight.
Armour fits poorly on your strangely shaped body.
Your system is resistant to poisons.
You cover ground very slowly.
You have a slow metabolism.
You can spit poison.


Message History

You are too injured to fight recklessly!
You are too injured to fight recklessly!
Drink which item? (? for menu, Esc to quit)
You feel better. The gnoll hits you with a whip.
The gnoll hits you from afar with a halberd. x2
The gnoll hits you but does no damage. The gnoll hits you but does no damage.
The gnoll hits you from afar with a halberd!
* * * LOW HITPOINT WARNING * * *
The gnoll hits you with a club.
* * * LOW HITPOINT WARNING * * *
The gnoll hits you with a whip.
* * * LOW HITPOINT WARNING * * *
The gnoll barely misses you.
Drink which item? (? for menu, Esc to quit)
You feel better. The gnoll hits you with a whip.
* * * LOW HITPOINT WARNING * * *
The gnoll barely misses you.
The gnoll hits you from afar with a halberd!
You die...

#### ########
#..#############.......
#........##......##..).
##......g...##.####....
####.ggg....#..###....
##@#####...........
#.## ###.#....... #..##
#.#....... ##..###
#.#.......
##...###.#.......
#######.............
#....##.............
#..............(....
#...................


You could see 4 gnolls.

Vanquished Creatures
  The ghost of cutslo the Covert, a novice SpAs of Dithmenos (D:4)
  A centaur (D:4)
  2 hounds (D:4)
  Ijyb (D:3)
  3 orc wizards
  3 worker ants (D:4)
  Terence (D:2)
  Robin (D:2)
  8 adders
  3 oozes (D:2)
  An adder skeleton (D:4)
  2 worms
  3 giant geckos
  7 orcs (D:3)
  3 ball pythons
  6 bats
  10 hobgoblins
  4 jackals (D:3)
  11 kobolds
  2 quokkas
  3 giant cockroaches
  11 giant newts
  16 goblins
  5 rats
  A plant (D:1)
109 creatures vanquished.

Notes
Turn   | Place    | Note
--------------------------------------------------------------
     0 | D:1      | Arkorax the Naga Monk began the quest for the Orb.
     0 | D:1      | Reached XP level 1. HP: 21/21 MP: 1/1
   400 | D:1      | Reached XP level 2. HP: 28/28 MP: 2/2
   955 | D:2      | Found an iron altar of Okawaru.
   987 | D:2      | Reached XP level 3. HP: 21/34 MP: 3/3
  1285 | D:2      | Found a sacrificial altar of Ru.
  1301 | D:2      | Reached skill level 1 in Armour
  1301 | D:2      | Reached XP level 4. HP: 34/44 MP: 4/4
  1682 | D:2      | Noticed Terence
  1696 | D:2      | Killed Terence
  1696 | D:2      | Reached XP level 5. HP: 44/51 MP: 5/5
  1711 | D:2      | Noticed Robin
  1742 | D:2      | Killed Robin
  2047 | D:3      | Reached skill level 5 in Unarmed Combat
  2199 | D:3      | Noticed Ijyb
  2221 | D:3      | Killed Ijyb
  2223 | D:3      | Reached skill level 5 in Fighting
  2514 | D:3      | Reached XP level 6. HP: 61/61 MP: 6/6
  3609 | D:4      | Noticed cutslo's ghost (novice SpAs)
  3675 | D:4      | Killed cutslo's ghost
  3675 | D:4      | Reached skill level 6 in Fighting
  3675 | D:4      | Reached XP level 7. HP: 33/70 MP: 7/7
  3687 | D:4      | Found a basalt altar of Yredelemnul.
  3897 | D:4      | Found a glowing silver altar of Zin.
  3898 | D:4      | Found a glowing golden altar of the Shining One.
  3900 | D:4      | Found a white marble altar of Elyvilon.
  4118 | D:4      | Found a snail-covered altar of Cheibriados.
  4129 | D:4      | Became a worshipper of Cheibriados the Contemplative
  4129 | D:4      | Reached * piety under Cheibriados
  4129 | D:4      | Reached ** piety under Cheibriados
  4203 | D:4      | Reached skill level 7 in Fighting
  4263 | D:4      | Slain by a gnoll

Action                   |  1- 3 |  4- 6 |  7- 9 || total
-------------------------+-------+-------+-------++-------
Melee: Unarmed           |   138 |   337 |    66 ||   541
 Abil: Spit Poison       |     5 |    15 |     7 ||    27
  Use: Scroll            |       |     5 |       ||     5
       Potion            |       |     1 |     2 ||     3
 Stab: Paralysed         |       |     1 |       ||     1
  Eat: Chunk             |       |     3 |       ||     3
       Meat ration       |       |     1 |       ||     1
       Bread ration      |       |       |     1 ||     1
